 Dungeon Crawl Stone Soup version 0.15.0-23-gc2b521c (console) character file.

158 gw the Covered (level 5, 0/47 HPs)
             Began as a Minotaur Fighter on Sept 8, 2014.
             Slain by an ogre
             ... wielding a +0 giant spiked club
              (2 damage)
             ... on Level 2 of the Dungeon.
             The game lasted 00:01:51 (3269 turns).

gw the Covered (Minotaur Fighter)                   Turns: 3269, Time: 00:01:51

HP   0/47        AC  9     Str 23      XL: 5   Next: 16%
MP   2/2         EV  7     Int  5      God:
Gold 0           SH  0     Dex 13      Spells:  0 memorised,  4 levels left

rFire  . . .     SeeInvis .     a - +0 flail
rCold  . . .     Clarity  .     r - +0 chain mail
rNeg   . . .     rCorr    .     (no shield)
rPois  .         rRot     .     (helmet restricted)
rElec  .         Spirit   .     (no cloak)
SustAb .         Warding  .     (no gloves)
rMut   .         Stasis   .     (no boots)
Gourm  .                        (no amulet)
MR     .....                    f - +3 ring of strength
                                n - +2 ring of dexterity

@: not resistant to hostile enchantments, extremely unstealthy
A: retaliatory headbutt, horns 2
a: no special abilities


You were on level 2 of the Dungeon.
You were near starving.

You visited 1 branch of the dungeon, and saw 4 of its levels.

Inventory:

Hand weapons
 a - a +0 flail (weapon)
Missiles
 g - 86 stones (quivered)
Armour
 r - a +0 chain mail (worn)
Comestibles
 b - a slice of pizza
 d - 3 bread rations
 i - 5 fruits
Scrolls
 c - 3 scrolls of remove curse
 j - 2 scrolls of identify
 l - a scroll of recharging
Jewellery
 f - a +3 ring of strength (right hand)
 n - a +2 ring of dexterity (left hand)
Potions
 p - a potion of curing


   Skills:
 + Level 4.4 Fighting
 * Level 4.3 Maces & Flails
 + Level 2.2 Throwing
 + Level 4.5 Armour
   Level 3.6 Shields


You had 4 spell levels left.
You didn't know any spells.

Dungeon Overview and Level Annotations

Branches:
Dungeon (4/15)
 Temple: D:4-7

Altars:
Ashenzari
Makhleb
Xom

Annotations:
D:2 exclusion: downstairs
D:3 exclusion: downstairs


Innate Abilities, Weirdness & Mutations

You reflexively headbutt those who attack you in melee.
You have a pair of horns on your head.


Message History

MOVING TO (6,-1) MOVING TO (5,0) MOVING TO (4,0) MOVING TO (3,0) MOVING TO (2,0) MOVING TO (1,0) MOVING TO (-1,8) MOVING TO (-1,7)
The ogre hits you with a giant spiked club!!
MOVING TO (0,6) MOVING TO (0,5) MOVING TO (0,4) MOVING TO (0,3) MOVING TO (0,2) MOVING TO (0,1) MOVING TO (1,0)
The ogre barely misses you.
There is a stone staircase leading up here.
The ogre hits you with a giant spiked club.
You die...

.....#...........#
...........###...#
....###.#### ##.##
###.....# #.#
##'##### ####.#####
##...## #........#
#.>...## #.##.##..#
.......## #..#O##..#
.....)..####....H#.<#
........'........#..#
........####...#.#..#
.......## #........#
#.....## ####..####
##...## #.## ##'##
#.# #.# #.# #.# #.#


You could see an ogre.

Table legend:
 A = Turns spent in this place as a percentage of turns spent in the entire game.
 B = Non-inter-level travel turns spent in this place as a percentage of non-inter-level travel turns spent in the entire game.
 C = Inter-level travel turns spent in this place as a percentage of turns spent in this place.
 D = Turns resting spent in this place as a percentage of non-inter-level travel turns spent in this place.
 E = Turns spent auto-exploring this place as a percentage of non-inter-level travel turns spent in this place.
 F = Non-inter-level travel turns spent in this place divided by the number of levels of this place that you've seen.
                   A       B       C       D       E      F
               +-------+-------+-------+-------+-------+----------------------
         Total | 100.0 | 100.0 |   1.1 |   3.2 |  15.2 | 227.5
       Dungeon | 100.0 | 100.0 |   1.1 |   3.2 |  15.2 | 227.5
               +-------+-------+-------+-------+-------+----------------------

Table legend:
 A = Kills in this place as a percentage of kills in entire the game.
 B = Kills by you in this place as a percentage of kills by you in the entire game.
 C = Kills by friends in this place as a percentage of kills by friends in the entire game.
 D = Other kills in this place as a percentage of other kills in the entire game.
 E = Experience gained in this place as a percentage of experience gained in the entire game.
 F = Experience gained in this place divided by the number of levels of this place that you have seen.
                   A       B       C       D       E      F
               +-------+-------+-------+-------+-------+----------------------
         Total | 100.0 | 100.0 |  -nan |  -nan | 100.0 |  56.5
       Dungeon | 100.0 | 100.0 |  -nan |  -nan | 100.0 |  56.5
               +-------+-------+-------+-------+-------+----------------------

Vanquished Creatures
  An iron imp (D:3)
  Natasha (twice) (D:3)
  Ijyb (D:3)
  3 adders
  A shadow imp (D:2)
  3 worms
  5 ball pythons
  6 bats
  3 giant cockroaches
  2 goblins
  5 hobgoblins
  13 jackals
  A quokka (D:3)
  2 giant newts
  4 kobolds
  8 rats
60 creatures vanquished.

Notes
Turn   | Place    | Note
--------------------------------------------------------------
     0 | D:1      | gw, the Minotaur Fighter, began the quest for the Orb.
     0 | D:1      | Reached XP level 1. HP: 19/19 MP: 1/1
   206 | D:1      | Reached XP level 2. HP: 24/27 MP: 1/1
   337 | D:1      | Found a shattered altar of Ashenzari.
   389 | D:1      | Reached skill level 1 in Throwing
   925 | D:2      | Reached skill level 4 in Armour
   925 | D:2      | Reached XP level 3. HP: 33/33 MP: 2/2
   966 | D:2      | Found a shimmering altar of Xom.
  1732 | D:2      | Found a burning altar of Makhleb.
  1737 | D:2      | Reached XP level 4. HP: 33/40 MP: 2/2
  2214 | D:3      | Noticed Ijyb
  2222 | D:3      | Killed Ijyb
  2307 | D:3      | Noticed Natasha
  2319 | D:3      | Killed Natasha
  2319 | D:3      | Reached XP level 5. HP: 21/47 MP: 2/2
  2790 | D:3      | Noticed Natasha
  2797 | D:3      | Killed Natasha
  3088 | D:4      | Noticed an ogre
  3261 | D:2      | HP: 1/47 [ogre/giant spiked club (18)]
  3269 | D:2      | Slain by an ogre

Action                   |  1- 3 |  4- 6 || total
-------------------------+-------+-------++-------
Melee: Flail             |    75 |    43 ||   118
Throw: Stone             |    97 |    31 ||   128
  Use: Scroll            |     5 |     4 ||     9
       Potion            |     4 |     5 ||     9
  Eat: Chunk             |     2 |     4 ||     6

Vault maps used:
D:1:      minmay_arrival_checkered_box, serial_park_tiny_pond, ashenzari_altar_1
D:2:      makhleb_grotto_becter, lemuel_round_altar
D:3:      first_bread, uniq_natasha, uniq_iyjb
D:4:      nemelex_xobeh_ov_fountains_minmay, zin_academy,
          minmay_temple_entry_grid
